 Dungeon Crawl Stone Soup version 0.29.0-13-gc9e81de378 (webtiles) character file.

Game seed: 5834026136123212000

803 sanka the Transmogrifier (level 7, -1/52 HPs)
             Began as a Yellow Draconian Transmuter on Sept 10, 2022.
             Was an Initiate of the Shining One.
             Slain by a black bear (3 damage)
             ... on level 5 of the Dungeon.
             The game lasted 00:07:08 (6827 turns).

sanka the Transmogrifier (DrTm)                     Turns: 6827, Time: 00:07:08

Health: -1/52      AC:  6    Str: 12    XL:     7   Next: 59%
Magic:  7/10       EV: 12    Int: 15    God:    the Shining One [......]
Gold:   330        SH:  0    Dex: 12    Spells: 4/10 levels left

rFire   . . .      SeeInvis .     - Unarmed
rCold   . . .      Faith    +   (no shield)
rNeg    + . .      Spirit   .   (body armour unavailable)
rPois   .          Reflect  .   (helmet restricted)
rElec   .          Harm     .   (no cloak)
rCorr   +          Rampage  .   (no gloves)
Will    +....                   (no boots)
Stlth   +.........              e - amulet of faith
HPRegen 0.17/turn               t - ring of willpower
MPRegen 0.12/turn               m - ring of positive energy

@: glowing
A: spit acid, AC +6, unfitting armour, cold-blooded, acid resistance
a: Breathe Acid, Renounce Religion


You were on level 5 of the Dungeon.
You worshipped the Shining One.
The Shining One was noncommittal.
You visited 1 branch of the dungeon, and saw 5 of its levels.

You collected 330 gold pieces.


Innate Abilities, Weirdness & Mutations

You can spit globs of acid.
Your golden yellow scales are hard. (AC +6)
You cannot fit into any form of body armour.
You are cold-blooded and may be slowed by cold attacks.
You are resistant to acid. (rCorr)


   Skills:
 - Level 1.1 Fighting
 - Level 1.7 Dodging
 + Level 4.7 Unarmed Combat
 - Level 2.0 Spellcasting
 - Level 8.0 Transmutations


You had 4 spell levels left.
You knew the following spells:

 Your Spells              Type           Power      Damage    Failure   Level
x - Spider Form           Tmut/Pois      13%        N/A       13%         3
y - Wereblood             Tmut           25%        N/A       1%          2
z - Beastly Appendage     Tmut           50%        N/A       1%          1

Your spell library contained the following spells:

 Spells                   Type           Power      Damage    Failure   Level
 Necrotise                Necr           4%         1d4       22%         1
 Ignite Poison            Fire/Tmut/Pois 9%         N/A       22%         3
 Ensorcelled Hibernation  Hex/Ice        2%         N/A       32%         2
 Static Discharge         Conj/Air       1%         3-4/arc   32%         2
 Ice Form                 Ice/Tmut       13%        N/A       38%         4
 Conjure Flame            Conj/Fire      1%         6-21      54%         3
 Vampiric Draining        Necr           1%         2d6       54%         3
 Anguish                  Hex/Necr       0%         N/A       91%         4
 Sticky Flame             Conj/Fire      1%         2d3       91%         4
 Agony                    Necr           1%         N/A       99%         5
 Lightning Bolt           Conj/Air       0%         1d11      99%         5
 Maxwell's Capacitive Co  Air            0%         ∞         100%        8

Inventory:

Missiles
 s - a throwing net {=f}
Jewellery
 e - an amulet of faith (around neck)
 m - a ring of positive energy (right hand)
 r - an amulet of magic regeneration
 t - a ring of willpower (left hand)
Scrolls
 a - 9 scrolls of identify {unknown}
 b - a scroll of magic mapping {unknown}
 c - a scroll of fog {unknown}
 d - 2 scrolls of enchant armour {unknown}
 f - a scroll of immolation {unknown}
 i - a scroll of blinking {unknown}
 l - a scroll of poison {unknown}
Potions
 g - 2 potions of heal wounds {unknown}
 h - 4 potions of brilliance
 j - a potion of ambrosia {unknown}
 k - a potion of cancellation {unknown}
 n - a potion of curing {@q1}
 o - a potion of attraction {unknown}
 p - a potion of mutation {unknown}
 q - 2 potions of flight {unknown}
 u - a potion of degeneration {unknown}

Dungeon Overview and Level Annotations

Branches:
Dungeon (5/15)
 Temple: D:4-7

Altars:
Elyvilon
The Shining One

Shops:
D:5

[*:*( .▒▒ .▒▒ ..▒
..▒ ..▒ ▒▒▒▒▒ .▒▒
▒▒...▒▒ .▒▒ ▒.....▒
..▒ ▒.....▒ ▒▒ ..▒
▒▒▒▒▒▒..d▒▒▒▒▒▒▒.▒
_▒▒
▒▒...▒▒..h▒▒......▒
.▒▒
▒.....▒...'.......▒
..▒
▒.....▒...▒.h.....▒
..▒
▒▒>..▒▒...▒▒......▒
..▒
▒▒...▒▒)..▒▒.....[▒
..▒
▒.........▒▒▒+▒▒▒▒▒
..▒ ▒.........▒ .▒▒
▒.........▒


You could see a black bear (berserk, very poisoned).


Message History

Unknown command.
You hit the black bear.
The black bear is severely wounded.
The black bear closely misses you. The black bear barely misses you.
The black bear claws you.
* * * LOW HITPOINT WARNING * * *
Unknown command.
You barely miss the black bear.
The black bear is almost dead.
The black bear bites you.
* * * LOW HITPOINT WARNING * * *
The black bear claws you.
* * * LOW HITPOINT WARNING * * *
The black bear claws you.
* * * LOW HITPOINT WARNING * * *
You barely miss the black bear.
The black bear is severely wounded.
The black bear bites you.
* * * LOW HITPOINT WARNING * * *
The black bear closely misses you. The black bear claws you!
* * * LOW HITPOINT WARNING * * *
The black bear misses you. The black bear barely misses you.
The black bear misses you.
Use which ability? (? or * to list)
Your transformation has ended.
The black bear bites you.
You die...

Action                   |  1- 3 |  4- 6 |  7- 9 || total
-------------------------+-------+-------+-------++-------
Melee: Unarmed           |   156 |   201 |    34 ||   391
       Tailslap          |    13 |    17 |       ||    30
       Punch             |     2 |       |       ||     2
 Cast: Beastly Appendage |     1 |     1 |       ||     2
       Spider Form       |       |    16 |     4 ||    20
       Wereblood         |       |     1 |       ||     1
 Abil: End Transformatio |       |       |     1 ||     1
  Use: Potion            |     1 |     2 |       ||     3
 Stab: Sleeping          |     1 |     2 |       ||     3
Armor: Skin              |    63 |    29 |     1 ||    93
Dodge: Dodged            |   100 |   161 |    28 ||   289

Levels and vault maps discovered:
D:1:      scummos_arrival_star, layout_basic,
          shapermc_ecumenical_altar_acropolis, lemuel_old_faithful
D:2:      layout_loops_ring
D:3:      layout_rooms, uniq_natasha
D:4:      layout_gridville, nicolae_elyvilon_peaceful_grove
D:5:      layout_gridville, overflow_temple_1_default, serial_shops,
          nicolae_shop_window_shopping, nicolae_lakefront_shop, shop,
          nicolae_shop_waterfront, nicolae_shop_stone

Notes
Turn   | Place    | Note
-------+----------+-------------------------------------------
     0 | D:1      | sanka the Draconian Transmuter began the quest for the Orb.
     0 | D:1      | Reached XP level 1. HP: 16/16 MP: 3/3
    61 | D:1      | HP: 2/24 [jackal (2)]
    68 | D:1      | Reached XP level 2. HP: 4/23 MP: 5/5
   220 | D:1      | Reached skill level 3 in Transmutations
  1107 | D:1      | Reached XP level 3. HP: 21/28 MP: 6/6
  1181 | D:1      | Learned a level 2 spell: Wereblood
  1185 | D:1      | Learned a level 3 spell: Spider Form
  1238 | D:1      | Found a faded altar of an unknown god.
  1861 | D:2      | Reached skill level 4 in Transmutations
  2118 | D:2      | Reached XP level 4. HP: 16/35 MP: 7/7
  2922 | D:3      | Reached skill level 5 in Transmutations
  3139 | D:3      | Reached XP level 5. HP: 26/40 MP: 8/8
  3347 | D:3      | Noticed Natasha
  3355 | D:3      | Killed Natasha
  3457 | D:3      | Noticed Natasha
  3465 | D:3      | Killed Natasha
  3516 | D:3      | Noticed Natasha
  3526 | D:3      | Killed Natasha
  3527 | D:3      | Reached skill level 6 in Transmutations
  4263 | D:4      | Found a white marble altar of Elyvilon.
  4388 | D:4      | Reached XP level 6. HP: 30/47 MP: 6/9
  4996 | D:4      | Reached skill level 7 in Transmutations
  5797 | D:5      | Entered Level 5 of the Dungeon
  5797 | D:5      | Found Hoochoc's Assorted Antiques.
  5866 | D:5      | Found a glowing golden altar of the Shining One.
  6015 | D:5      | Became a worshipper of the Shining One
  6082 | D:5      | Found Buyman's Armour Shoppe.
  6092 | D:5      | Found Colye's Book Shop.
  6180 | D:5      | Found Offyc's Assorted Antiques.
  6234 | D:5      | Reached skill level 8 in Transmutations
  6234 | D:5      | Your scales start taking on a golden yellow colour.
  6234 | D:5      | Reached XP level 7. HP: 52/52 MP: 6/10
  6234 | D:5      | Gained mutation: You are resistant to acid. (rCorr) [Yellow
                  | Draconian growth]
  6302 | D:5      | Found Sebeff's Weapon Emporium.
  6517 | D:5      | Reached skill level 4 in Unarmed Combat
  6826 | D:5      | HP: 2/52 [black bear (7)]
  6827 | D:5      | Slain by a black bear

Vanquished Creatures
  A black bear (D:4)
  An ogre (D:5)
  2 phantoms (D:5)
  A scorpion (D:5)
  A howler monkey (D:5)
  A hound (D:5)
  2 iguanas (D:4)
  Natasha (thrice) (D:3)
  6 adders
  8 gnolls
  A worm (D:3)
  2 dart slugs
  3 orcs
  3 bats
  10 endoplasms
  A giant cockroach (D:2)
  7 goblins
  5 hobgoblins
  5 jackals
  6 quokkas
  7 ball pythons
  3 frilled lizards
  8 kobolds
  10 rats
97 creatures vanquished.
